 Dungeon Crawl Stone Soup version 0.23-a0-309-ge7838e6 (webtiles) character file.

0 Amnesiac the Sneak (level 1, -2/7 HPs)
             Began as a Felid Earth Elementalist on Oct 11, 2018.
             Slain by a kobold
             ... wielding a +0 short sword
              (3 damage)
             ... on level 1 of the Dungeon.
             The game lasted 00:00:11 (13 turns).

Amnesiac the Sneak (Felid Earth Elementalist)         Turns: 13, Time: 00:00:11

Health: -2/7       AC:  1    Str:  4    XL:     1   Next: 8%
Magic:  4/4        EV: 18    Int: 16    God:
Gold:   0          SH:  0    Dex: 16    Spells: 3/4 levels left
                                        Lives:  0   Deaths: 0

rFire    . . .     SeeInvis +   (weapon unavailable)
rCold    . . .     Gourm    .   (shield unavailable)
rNeg     . . .     Faith    .   (armour unavailable)
rPois    .         Spirit   .   (helmet unavailable)
rElec    .         Reflect  .   (cloak unavailable)
rCorr    .         Harm     .   (gloves unavailable)
MR       .....                  (boots unavailable)
Stlth    +++.......             (no amulet)
HPRegen  0.02/turn              (no ring)
MPRegen  0.09/turn              (no ring)

@: quick
A: very small, no armour, no weapons or thrown items, stealth, claws 1, fangs 3,
see invisible, carnivore, speed 1, shaggy fur 1, slow metabolism 1, sharp paws
a: no special abilities


You were on level 1 of the Dungeon.
You were not hungry.

You visited 1 branch of the dungeon, and saw 1 of its levels.

Inventory:

Missiles
 b - 30 stones
Comestibles
 c - a ration


   Skills:
 - Level 2.6 Dodging
 + Level 2.7 Stealth
 + Level 0.0 Unarmed Combat
 - Level 2.0 Spellcasting
   Level 1.1 Transmutations
 * Level 2.7 Earth Magic


You had 3 spell levels left.
You knew the following spells:

 Your Spells              Type           Power        Failure   Level  Hunger
a - Sandblast             Erth           ##....       7%          1    #......

Your spell library contained the following spells:

 Spells                   Type           Power        Failure   Level  Hunger
 Passwall                 Tmut/Erth      #.......     14%         2    ###....
 Stone Arrow              Conj/Erth      #.....       34%         3    ###....
 Petrify                  Tmut/Erth      #.......     67%         4    #####..
 Lee's Rapid Deconstruct  Erth           ##........   88%         5    ######.


Dungeon Overview and Level Annotations

Branches:
Dungeon (1/15)

Altars:


Innate Abilities, Weirdness & Mutations

You cannot wear armour.
You are incapable of wielding weapons or throwing items.
Your paws allow you to move quietly. (Stealth)
You have sharp claws.
You have razor-sharp teeth.
You have supernaturally acute eyesight. (SInv)
You are carnivorous and can eat meat at any time.
You cover ground quickly.
You are covered in fur. (AC +1)
You have a slow metabolism.
Your sharp claws are effective at attacking unaware monsters.


Message History

Invalid key '-247' in bindkey directive '[-247] CMD_NO_CMD_DEFAULT' Welcome, Amnesiac the Felid Earth Elementalist.
Will you prevail where others failed? Will you find the Orb of Zot?
Press ? for a list of commands and other information.
Found a staircase leading out of the dungeon.
You open the door.
A bat comes into view.
There is an open door here.
A bat is nearby!
A kobold comes into view. It is wielding a short sword.
A bat comes into view.
The helpless bat fails to defend itself.
You scratch the bat.
You kill the bat!
The bat barely misses you.
You miss the bat. The bat misses you.
You closely miss the kobold. The bat misses you. The kobold closely misses you.
You completely miss the kobold. The bat misses you.
The kobold hits you with a short sword.
You closely miss the kobold. The bat hits you but does no damage.
The kobold misses you.
You scratch the kobold.
The kobold is severely wounded.
The bat barely misses you. The kobold hits you with a short sword.
* * * LOW HITPOINT WARNING * * *
You closely miss the kobold.
The kobold is severely wounded.
The bat closely misses you. The bat hits you but does no damage.
The kobold misses you.
You barely miss the kobold.
The kobold is severely wounded.
The bat hits you.
* * * LOW HITPOINT WARNING * * *
The kobold hits you with a short sword.
You die...

##... ##.⌠.
##.... ###...⌠
#....b.
#.8.8.#####
#..8K.#.<.# .
#.8.8@##'##.8.8
#...†...........
################


You could see a bat and a kobold.

Vanquished Creatures
  A bat (D:1)
1 creature vanquished.

Notes
Turn   | Place    | Note
-------+----------+-------------------------------------------
     0 | D:1      | Amnesiac the Felid Earth Elementalist began the quest for
                  | the Orb.
     0 | D:1      | Reached XP level 1. HP: 7/7 MP: 4/4
    13 | D:1      | Slain by a kobold

Vault maps used:
D:1:      ncdulo_halloftheorcs

Action                   || total
-------------------------++-------
Melee: Unarmed           ||     8
 Stab: Sleeping          ||     1
Armor: Skin              ||     2
Dodge: Dodged            ||     9

Table legend:
 A = Non-vault XP
 B = Vault XP
 C = Vault XP percentage of total XP
 D = Non-vault monster count
 E = Vault monster count
 F = Vault count percentage of total count
                 A         B        C        D         E       F
            +---------+---------+-------+---------+---------+-------
      Total |       1 |       0 |   0.0 |       1 |       0 |   0.0
            +---------+---------+-------+---------+---------+-------
        D:1 |       1 |       0 |   0.0 |       1 |       0 |   0.0
            +---------+---------+-------+---------+---------+-------
